Map: Ujari

Players

curette

  • Race: Protoss Protoss
  • Spawn Location: 3:00

XilentSKY

  • Race: Zerg Zerg
  • League: Gold
  • Spawn Location: 3:00

Yongbari

  • Race: Terran Terran
  • League: Gold
  • Spawn Location: 0:00

BlackNova - Winner!

  • Race: Zerg Zerg
  • Spawn Location: 9:00

Kswiss - Winner!

  • Race: Protoss Protoss
  • League: Silver
  • Spawn Location: 0:00

Metasapien - Winner!

  • Race: Zerg Zerg
  • League: Platinum
  • Spawn Location: 9:00

VOD

Have the link to the VOD?

Description

Time

  • Played on: Sept. 22, 2017, 10:45 p.m.
  • Length: 13:19
Show
View Real Time Build Order
Export as new Build Order

curette Protoss 

Build Orders:  

Get SALT Encoding   

  12  0:01  Probe (Chrono Boost)  
  13  0:12  Probe (Chrono Boost)  
  14  0:22  Probe (Chrono Boost)  
  14  0:25  Pylon  
  15  0:44  Probe (Chrono Boost)  
  15  0:46  Gateway  
  16  0:51  Pylon  
  16  0:54  Probe (Chrono Boost)  
  16  0:57  Assimilator  
  17  1:05  Probe (Chrono Boost)  
  18  1:15  Gateway  
  18  1:23  Probe (Chrono Boost)  
  19  1:31  Assimilator  
  19  1:34  Probe (Chrono Boost)  
  19  1:39  Cybernetics Core  
  20  1:44  Probe (Chrono Boost)  
  21  1:55  Probe (Chrono Boost)  
  22  2:09  Probe (Chrono Boost)  
  22  2:13  Zealot x2  
  26  2:19  Probe (Chrono Boost)  
  27  2:24  Forge  
  28  2:30  Probe (Chrono Boost)  
  28  2:31  Gateway  
  28  2:41  Mothership Core (Chrono Boost)  
  30  3:00  Protoss Ground Weapons Level 1 (Chrono Boost)  
  30  3:10  Pylon  
  30  3:26  Pylon  
  30  3:28  Stalker x3  
  30  3:29  Gateway  
  36  3:58  Stalker x2  
  36  4:07  Zealot  
  38  4:21  Stalker  
  40  4:28  Zealot x2  
  44  4:34  Stalker  
  44  4:37  Pylon  
  46  4:42  Protoss Ground Armor Level 1 (Chrono Boost)  
  46  4:46  Pylon  
  46  4:55  Zealot  
  48  5:06  Stalker x2  
  52  5:17  Zealot  
  52  5:23  Zealot  
  40  5:40  Stalker x2  
  38  5:44  Stalker  
  38  6:04  Stalker  
  38  6:10  Stalker  
  38  6:32  Photon Cannon  
  38  6:33  Photon Cannon  
  38  6:40  Photon Cannon  
  38  6:42  Photon Cannon  
  38  6:44  Warp Gate  
  38  6:53  Stalker  
  40  7:13  Adept x2  
  40  7:14  Adept  
  46  7:41  Pylon  
  46  7:52  Photon Cannon  
  46  8:04  Photon Cannon  
  40  8:20  Stalker x3  
  40  8:21  Stalker  
  38  8:48  Pylon  
  36  9:07  Photon Cannon  
  36  9:10  Photon Cannon  
  36  9:32  Nexus  
  36  10:21  Nexus  
  36  10:34  Probe  
  37  10:46  Probe  
  38  10:52  Probe  
  39  10:58  Probe  
  39  11:03  Probe  
  40  11:04  Pylon  
  41  11:13  Probe  
  41  11:17  Stargate  
  42  11:27  Stargate  
  42  11:32  Probe  
  42  11:36  Probe  
  44  11:43  Probe  
  45  11:53  Probe  
  45  11:58  Assimilator  
  46  12:03  Fleet Beacon  
  47  12:13  Stargate  
  18  12:51  Pylon  
Show
View Real Time Build Order
Export as new Build Order

XilentSKY Zerg 

Build Orders: Pool First 

Get SALT Encoding   

  12  0:02  Drone  
  13  0:18  Drone  
  14  0:35  Spawning Pool  
  14  0:38  Drone  
  14  0:52  Overlord  
  14  1:45  Drone  
  14  1:46  Drone x2  
  17  1:53  Extractor  
  17  1:54  Queen  
  18  2:14  Hatchery  
  17  2:18  Drone  
  17  2:19  Drone  
  17  2:20  Overlord  
  19  2:38  Hatchery  
  19  2:40  Zergling x2  
  19  2:41  Zergling x2  
  20  2:58  Zergling x2  
  21  3:06  Zergling x8  
  25  3:24  Zergling x2  
  26  4:09  Zergling x6  
  28  4:34  Metabolic Boost  
  28  4:40  Zergling x10  
  28  4:44  Zergling x6  
  21  5:56  Zergling x14  
  29  5:57  Zergling x2  
  29  6:13  Lair  
  29  6:15  Extractor  
  28  6:20  Zergling x4  
  28  6:21  Zergling x2  
  28  6:22  Zergling x8  
  35  7:28  Spire  
  34  7:30  Drone  
  34  7:32  Overlord x5  
  34  7:33  Overlord x2  
  17  8:29  Zergling x12  
  17  8:30  Zergling x2  
  17  8:31  Zergling x10  
  25  9:25  Hatchery  
  25  9:28  Drone  
  25  9:29  Drone x4  
  29  9:52  Mutalisk  
  31  9:53  Mutalisk  
  31  9:55  Mutalisk  
  31  9:56  Mutalisk x2  
  31  9:57  Mutalisk  
  31  9:58  Mutalisk x3  
  47  10:02  Zergling x2  
  47  10:03  Zergling x2  
  49  10:37  Zergling x8  
  49  10:38  Zergling x4  
  49  10:39  Zergling x2  
  49  10:40  Zergling x8  
  60  11:06  Mutalisk  
  60  11:07  Mutalisk x2  
  60  11:11  Zergling x6  
  69  11:45  Hatchery  
  68  12:01  Unknown  
  68  12:29  Mutalisk  
  68  12:30  Mutalisk x4  
Show
View Real Time Build Order
Export as new Build Order

Yongbari Terran 

Build Orders: Mech 

Get SALT Encoding   

  12  0:01  SCV  
  13  0:13  SCV  
  14  0:19  Supply Depot  
  14  0:25  SCV  
  15  0:32  Refinery  
  15  0:41  SCV  
  16  0:47  Barracks  
  16  0:54  SCV  
  17  1:01  Refinery  
  17  1:06  SCV  
  18  1:21  SCV  
  19  1:37  Factory  
  19  1:38  Barracks Tech Lab  
  19  1:39  Orbital Command  
  19  2:06  Supply Depot  
  19  2:07  Marine  
  20  2:12  Factory  
  20  2:17  SCV  
  21  2:30  SCV  
  21  2:32  Siege Tank  
  21  2:34  Marine  
  26  2:43  Supply Depot  
  26  2:57  Supply Depot  
  26  2:58  Factory Tech Lab  
  26  3:16  Siege Tank, Marine  
  26  3:18  SCV  
  31  3:21  Supply Depot  
  31  3:23  Siege Tank  
  34  3:32  SCV  
  35  3:39  Factory  
  31  4:17  Hellion x2  
  35  4:29  Hellion  
  37  4:33  Barracks Tech Lab  
  37  4:36  SCV  
  37  4:38  Siege Tank x2  
  44  5:00  Hellion  
  44  5:01  Engineering Bay  
  44  5:02  Marauder  
  48  5:09  Widow Mine  
  50  5:21  Widow Mine  
  50  5:23  Marine  
  50  5:27  Widow Mine  
  52  5:38  Widow Mine  
  52  5:41  Marine  
  49  5:49  Widow Mine  
  49  5:55  Widow Mine  
  49  5:57  SCV  
  54  6:13  Command Center  
  54  6:19  Widow Mine  
  54  6:35  Supply Depot  
  54  6:36  Supply Depot  
  54  6:45  Missile Turret  
  54  6:57  Siege Tank x2, Starport  
  59  7:13  SCV  
  60  7:29  Siege Tank  
  63  7:39  SCV  
  63  7:42  Viking  
  66  7:46  Siege Tank  
  69  8:01  Siege Tank  
  72  8:27  Siege Tank  
  72  8:28  Widow Mine  
  72  8:32  Marauder  
  72  8:33  Siege Tank  
  74  9:33  Command Center  
  74  10:00  Starport Reactor  
  74  10:03  Barracks  
  74  10:27  Bunker  
  74  10:44  Siege Tank, SCV, Widow Mine  
  74  10:45  Refinery, Marauder  
  74  10:46  Liberator  
  83  10:50  Orbital Command  
  83  10:56  SCV  
  86  11:13  Supply Depot  
  86  11:17  Liberator  
  86  11:27  Missile Turret  
  86  11:34  SCV x2, Marine  
  92  11:46  SCV x2  
  85  11:52  Marine  
  82  11:58  SCV  
  83  12:01  SCV  
  81  12:10  Marine  
  81  12:13  SCV  
  82  12:17  Missile Turret  
  82  12:27  Marine  
  83  12:38  Missile Turret  
Show
View Real Time Build Order
Export as new Build Order

BlackNova Zerg - Winner!

Build Orders: Pool First 

Get SALT Encoding   

  12  0:01  Drone  
  13  0:15  Drone, Extractor  
  13  0:20  Overlord  
  13  0:25  Drone  
  14  0:43  Spawning Pool  
  14  0:48  Drone  
  14  0:54  Drone  
  15  1:00  Drone  
  16  1:13  Drone  
  16  1:18  Overlord  
  17  1:30  Queen  
  19  1:35  Metabolic Boost  
  19  1:42  Zergling x2  
  19  1:45  Zergling x2  
  21  1:50  Zergling x2  
  21  1:53  Zergling x2  
  23  1:59  Spore Crawler  
  22  2:05  Zergling x2  
  23  2:15  Zergling x2  
  24  2:18  Lair  
  24  2:25  Drone  
  25  2:40  Zergling x2  
  26  2:47  Zergling x2  
  26  2:48  Zergling x2  
  26  2:50  Zergling x2  
  27  3:15  Drone  
  27  3:16  Drone  
  29  3:20  Infestation Pit  
  29  3:22  Extractor  
  27  3:30  Drone x2  
  29  3:48  Hatchery  
  26  4:09  Zergling x8  
  26  4:19  Infestor  
  26  4:22  Baneling Nest  
  25  4:33  Zergling x2  
  25  4:38  Zergling x2  
  27  4:42  Zergling x6  
  30  4:49  Overlord  
  29  5:12  Zergling x4  
  31  5:15  Overlord, Zergling x4  
  31  5:18  Queen  
  31  5:19  Drone x2  
  29  5:43  Zergling x4  
  31  6:06  Pathogen Glands  
  31  6:20  Zergling x6  
  34  6:27  Extractor  
  33  6:33  Drone x2  
  33  6:34  Drone  
  36  6:43  Drone x2  
  30  7:15  Drone  
  30  7:16  Overlord, Drone  
  30  7:17  Drone  
  30  7:18  Infestor x2  
  30  7:22  Drone x2  
  38  7:23  Drone  
  38  7:26  Extractor  
  38  7:29  Extractor  
  37  7:35  Overseer  
  37  7:41  Zergling x6  
  37  7:42  Zergling x2  
  37  7:43  Zergling x2  
  42  7:51  Zergling x4  
  42  7:52  Zergling x2  
  45  8:05  Zergling x10  
  45  8:44  Overlord  
  45  8:45  Zergling x8  
  49  8:51  Drone x2  
  45  9:10  Hive  
  45  9:12  Zergling x4  
  45  9:16  Drone  
  45  9:17  Drone  
  49  9:26  Drone  
  50  9:36  Zergling x2  
  50  9:37  Zergling x4  
  53  9:44  Nydus Network, Overseer  
  52  9:51  Drone  
  52  9:52  Drone  
  54  9:58  Overlord  
  54  10:10  Neural Parasite  
  54  10:13  Infestor  
  56  10:16  Infestor  
  58  10:22  Burrow  
  58  10:37  Centrifical Hooks  
  58  10:42  Overlord x2  
  58  10:55  Adrenal Glands  
  58  11:08  Drone x3  
  58  11:09  Drone x2  
  63  11:17  Baneling x6  
  63  11:18  Baneling x3  
  63  11:19  Baneling  
  63  11:25  Nydus Canal  
  58  12:10  Spire  
  57  12:24  Overlord, Zergling x8  
  57  12:25  Zergling x10  
  57  12:29  Nydus Canal  
  66  12:37  Overlord, Zergling x2  
  66  12:38  Zergling x12  
  66  12:43  Evolution Chamber  
  72  12:45  Evolution Chamber  
Show
View Real Time Build Order
Export as new Build Order

Kswiss Protoss - Winner!

Build Orders: Oracle Opening 

Get SALT Encoding   

  12  0:03  Probe (Chrono Boost)  
  13  0:14  Probe (Chrono Boost)  
  14  0:24  Probe (Chrono Boost)  
  14  0:26  Pylon  
  15  0:44  Probe (Chrono Boost)  
  16  0:51  Gateway  
  16  0:58  Forge  
  16  1:01  Probe (Chrono Boost), Assimilator  
  17  1:12  Probe (Chrono Boost)  
  18  1:24  Probe (Chrono Boost)  
  19  1:33  Photon Cannon  
  19  1:41  Pylon  
  19  1:49  Probe (Chrono Boost)  
  20  1:58  Cybernetics Core  
  20  2:07  Photon Cannon  
  20  2:18  Pylon  
  20  2:40  Stargate  
  20  2:51  Nexus  
  20  2:55  Assimilator  
  20  2:58  Photon Cannon  
  20  3:14  Probe (Chrono Boost)  
  21  3:25  Probe (Chrono Boost)  
  21  3:26  Oracle (Chrono Boost)  
  25  3:36  Probe  
  26  3:43  Pylon, Photon Cannon  
  26  3:48  Probe  
  27  4:00  Assimilator  
  27  4:05  Oracle (Chrono Boost)  
  30  4:12  Probe  
  30  4:16  Probe  
  32  4:23  Probe  
  32  4:28  Mothership Core  
  35  4:33  Probe, Zealot (Chrono Boost)  
  38  4:40  Photon Cannon  
  38  4:44  Probe  
  38  4:47  Void Ray (Chrono Boost)  
  33  5:43  Void Ray (Chrono Boost)  
  33  5:49  Pylon, Stargate  
  37  5:55  Probe  
  38  6:05  Probe  
  39  6:12  Assimilator  
  39  6:15  Pylon  
  39  6:16  Probe  
  40  6:21  Pylon  
  40  6:26  Probe  
  41  6:35  Photon Cannon  
  41  6:37  Probe  
  42  6:40  Photon Cannon  
  42  6:45  Photon Cannon  
  42  6:51  Probe  
  43  7:02  Probe  
  43  7:07  Void Ray (Chrono Boost)  
  52  7:12  Probe  
  52  7:13  Void Ray (Chrono Boost)  
  53  7:23  Probe  
  53  7:26  Protoss Air Weapons Level 1 (Chrono Boost)  
  54  7:33  Probe  
  57  7:37  Mothership Core  
  57  7:39  Protoss Shields Level 1  
  57  7:44  Probe  
  57  7:48  Void Ray (Chrono Boost)  
  57  7:50  Nexus  
  62  7:54  Probe  
  67  7:58  Void Ray (Chrono Boost)  
  67  8:01  Pylon  
  67  8:05  Probe  
  67  8:09  Stargate  
  68  8:19  Twilight Council  
  68  8:44  Void Ray  
  68  8:45  Void Ray  
  76  8:55  Pylon x2  
  76  9:00  Pylon  
  76  9:02  Pylon x2  
  76  9:15  Protoss Air Armor Level 1 (Chrono Boost)  
  76  9:16  Probe  
  76  9:20  Robotics Facility  
  76  9:21  Protoss Shields Level 2  
  76  9:23  Pylon  
  77  9:26  Pylon  
  77  9:27  Probe  
  77  9:30  Assimilator  
  78  9:34  Assimilator  
  78  9:38  Probe  
  78  9:41  Void Ray x2  
  87  9:48  Probe  
  88  9:52  Stargate  
  88  9:56  Pylon  
  88  9:59  Probe  
  89  10:08  Fleet Beacon  
  89  10:09  Probe  
  90  10:23  Pylon  
  90  10:25  Void Ray  
  90  10:26  Void Ray  
  98  10:35  Photon Cannon  
  98  10:40  Photon Cannon  
  98  10:42  Photon Cannon  
  98  10:45  Photon Cannon  
  98  10:51  Photon Cannon  
  98  10:56  Probe  
  99  11:07  Probe  
  100  11:12  Void Ray  
  100  11:15  Void Ray  
  100  11:17  Probe  
  109  11:28  Probe  
  110  11:33  Void Ray  
  110  11:35  Void Ray  
  110  11:38  Probe  
  127  13:07  Probe  
Show
View Real Time Build Order
Export as new Build Order

Metasapien Zerg - Winner!

Build Orders: Pool First 

Get SALT Encoding   

  12  0:01  Drone  
  13  0:26  Spawning Pool  
  13  0:27  Drone  
  13  0:34  Drone  
  13  0:35  Extractor  
  13  0:40  Drone  
  14  0:53  Overlord  
  14  0:58  Extractor  
  14  0:59  Drone  
  15  1:12  Drone  
  16  1:30  Hatchery  
  15  1:33  Drone  
  16  1:40  Metabolic Boost  
  16  1:49  Zergling x2  
  16  1:53  Drone  
  18  1:54  Drone  
  19  2:02  Drone  
  20  2:27  Drone  
  20  2:29  Drone  
  22  2:30  Hatchery  
  21  2:41  Queen  
  21  2:43  Drone  
  24  2:52  Overlord  
  24  3:00  Queen  
  24  3:04  Drone  
  27  3:06  Drone  
  27  3:11  Drone  
  29  3:15  Drone  
  30  3:24  Drone, Roach Warren  
  30  3:26  Drone  
  31  3:32  Overlord  
  31  3:42  Queen  
  31  3:43  Drone  
  31  3:47  Drone, Extractor  
  34  3:57  Drone x3  
  34  3:58  Drone  
  38  4:03  Drone x2  
  38  4:07  Overlord  
  40  4:14  Lair  
  40  4:16  Drone  
  41  4:19  Zergling x4  
  41  4:22  Roach  
  45  4:29  Roach x2  
  49  4:31  Roach  
  49  4:36  Roach  
  53  4:41  Roach x2  
  53  4:44  Overlord  
  57  4:47  Overlord  
  57  4:51  Overlord  
  57  4:55  Ravager  
  58  5:07  Roach x5  
  63  5:25  Roach x3  
  63  5:26  Roach x2  
  63  5:27  Roach  
  60  5:52  Roach x2  
  60  5:53  Roach x6  
  76  5:58  Hydralisk Den  
  76  6:01  Drone  
  76  6:23  Drone x2  
  78  6:28  Extractor  
  78  6:29  Extractor  
  78  6:32  Glial Reconstitution  
  76  6:35  Hydralisk x2  
  76  6:39  Overlord x2  
  80  6:40  Overlord  
  80  6:44  Drone x2  
  80  6:47  Overlord x2  
  82  6:54  Overlord x3  
  82  6:58  Drone  
  83  7:02  Hydralisk x2  
  83  7:03  Hydralisk  
  89  7:11  Hydralisk  
  89  7:13  Drone  
  89  7:14  Drone x4  
  96  7:19  Overseer  
  96  7:40  Hydralisk x2  
  96  7:41  Roach  
  96  7:42  Zergling x10  
  96  7:43  Zergling x8  
  99  8:11  Hydralisk x2  
  99  8:12  Roach x2  
  103  8:13  Roach  
  92  8:23  Hydralisk  
  92  8:25  Zergling x2  
  92  8:26  Zergling x8  
  89  8:39  Hydralisk  
  89  8:40  Roach  
  87  8:45  Drone x3  
  74  9:00  Overseer  
  74  9:10  Queen  
  74  9:13  Drone x2  
  74  9:15  Extractor  
  74  9:16  Drone  
  78  9:17  Drone x2, Extractor  
  78  9:18  Drone  
  67  9:32  Hydralisk x2  
  67  9:33  Roach x3, Hydralisk x2  
  67  9:34  Roach x2, Hydralisk  
  87  9:59  Nydus Network  
  87  10:00  Drone x4  
  87  10:02  Drone  
  87  10:03  Drone  
  87  10:04  Drone  
  93  10:09  Muscular Augments  
  93  10:18  Drone x2  
  93  10:19  Drone  
  97  10:21  Drone x3  
  97  10:23  Overlord x2  
  97  10:27  Roach, Hydralisk  
  97  10:28  Roach x2  
  107  10:34  Evolution Chamber  
  106  10:38  Evolution Chamber  
  106  10:40  Drone  
  106  10:41  Drone  
  107  10:42  Overlord  
  107  10:43  Overlord x2  
  107  10:46  Roach x2, Hydralisk x2  
  115  10:58  Roach x2, Hydralisk x3  
  115  10:59  Roach  
  127  11:04  Zerg Ground Armor Level 1, Zerg Missile Weapons Level 1  
  127  11:20  Burrow, Hydralisk  
  127  11:21  Roach x2, Hydralisk x2  
  127  11:22  Roach  
  127  11:25  Hatchery  
  138  11:26  Overseer  
  138  11:28  Hydralisk  
  138  11:29  Extractor  
  139  11:35  Drone  
  140  11:45  Hydralisk x4  
  140  11:46  Roach x3  
  154  11:48  Roach  
  154  11:49  Roach  
  158  11:55  Overlord x3  
  158  12:03  Hydralisk x2  
  158  12:04  Roach x2, Hydralisk  
  168  12:13  Nydus Canal  
  168  12:21  Roach, Hydralisk x2  
  168  12:22  Roach  
  176  12:42  Extractor  
Tags
 
Add a new tag
Caveats
  • Supply blocks, unpowered buildings, or Contaminate may cause inaccurate times.
  • Supply counts are checked every 10 seconds.